 Dungeon Crawl Stone Soup version 0.29.1-13-g9f3cf754e1 (webtiles) character file.

Game seed: 18259042430441225469

900 shadowmeld the Insei (level 8, -2/56 HPs)
             Began as a Djinni Transmuter on Jan 30, 2023.
             Was an Initiate of Ashenzari.
             Slain by an orc warrior
             ... wielding a +0 hand axe
              (4 damage)
             ... on level 4 of the Dungeon.
             The game lasted 00:30:35 (6367 turns).

shadowmeld the Insei (Djinni Transmuter)            Turns: 6367, Time: 00:30:35

Health: -2/56      AC:  6    Str:  9    XL:     8   Next: 28%
Gold:   202        EV: 11    Int: 24    God:    Ashenzari [......] SH:  0 Dex: 13

rFire   + + .      SeeInvis .     - Unarmed
rCold   . . .      Faith    .   (no shield)
rNeg    . . .      Spirit   .   k - +0 ring mail {rC+}
rPois   ∞          Reflect  .   (no helmet)
rElec   .          Harm     .   (no cloak)
rCorr   .          Rampage  .   m - +0 pair of gloves
Will    .....                   (boots unavailable)
Stlth   +.........              q - amulet of the acrobat
HPRegen 0.18/turn               i - ring "Share My Seeker" {Int+6, Melee, Fort} (curse)
MPRegen 0.00/turn               (no ring)

@: flying, hasted, very quick
A: sickness immunity, fire resistance 2, cold vulnerability 1, float, innate
caster, HP casting, extra vitality 1
a: Renounce Religion, Curse Item, Shatter the Chains


You were on level 4 of the Dungeon.
You worshipped Ashenzari.
Ashenzari was noncommittal.
You visited 1 branch of the dungeon, and saw 7 of its levels.

You collected 282 gold pieces.
You spent 80 gold pieces at shops.

Inventory:

Hand Weapons
 a - a +0 club
Missiles
 s - 4 curare-tipped darts (quivered)
Armour
 k - a +0 ring mail of cold resistance (worn)
 m - a +0 pair of gloves (worn)
Jewellery
 i - the cursed ring "Share My Seeker" (left hand) {Int+6, Melee, Fort}
   (You found it on level 1 of the Dungeon)

   [ring of intelligence]

   Int:       It affects your intelligence (+6).
   It has a curse which improves the following skills: Melee Combat: Short
   Blades, Long Blades, Axes, Maces & Flails, Polearms, Staves and Unarmed
   Combat.
   Fortitude: Armour and Shields.
 q - an amulet of the acrobat (around neck)
Wands
 b - a wand of mindburst (11)
Scrolls
 c - a scroll of teleportation
 d - a scroll of magic mapping {unknown}
 g - a scroll of immolation
 l - 2 scrolls of blinking {unknown}
 n - a scroll of silence
 r - a scroll of enchant weapon
 t - a scroll of enchant armour {unknown}
 u - a scroll of noise {unknown}
Potions
 e - a potion of cancellation {unknown}
 f - a potion of magic
 h - a potion of berserk rage {unknown}
 j - a potion of ambrosia {unknown}
 o - a potion of mutation {unknown}
 p - 2 potions of brilliance {unknown}
 v - a potion of attraction {unknown}
 w - a potion of degeneration {unknown}


   Skills:
 * Level 3.1 Fighting
 + Level 3.2(3.6) Armour
 * Level 4.2 Dodging
 * Level 6.4(6.9) Unarmed Combat
 * Level 3.1 Spellcasting


You couldn't memorise any spells.
You knew the following spells:

 Your Spells              Type           Power      Damage    Failure   Level
a - Beastly Appendage     Tmut           36%        N/A       8%          1
b - Wereblood             Tmut           18%        N/A       12%         2
c - Spider Form           Tmut/Pois      18%        N/A       22%         3
d - Ice Form              Ice/Tmut       18%        N/A       58%         4
e - Necrotise             Necr           72%        1d7       8%          1
f - Static Discharge      Conj/Air       18%        3-6/arc   12%         2
g - Gell's Gravitas       Tloc           18%        N/A       22%         3
Your spell library was empty.

Dungeon Overview and Level Annotations

Branches:
Dungeon (7/15)
 Temple: D:4-7

Altars:
Ashenzari
Cheibriados
Trog
Wu Jian
Xom

Shops:
D:2 ?


Innate Abilities, Weirdness & Mutations

You are immune to sickness and miasma.
You are immune to poison.
Your flesh is very heat resistant. (rF++)
You are vulnerable to cold. (rC-)
You float through the air rather than walking.
You learn spells naturally, not from books.
Your magical power is your life essence.
You have superior vitality. (+4 MHP)


Message History

You kill the orc!
You hear some strange, mumbled words.
A puff of flame appears from out of thin air!
The puff of flame hits you. You resist.
The orc warrior hits you with a +0 hand axe!
You closely miss the orc. The orc warrior barely misses you.
You punch the orc warrior! Your headbutt misses the orc warrior.
The orc warrior is moderately wounded.
The orc warrior closely misses you.
You hit the orc warrior. Your headbutt misses the orc warrior.
Your punch misses the orc warrior.
The orc warrior is heavily wounded.
Your horns disappear.
Something hits you.
* * * LOW HITPOINT WARNING * * *
You feel yourself speed up. The orc warrior closely misses you.
You hear some strange, mumbled words.
A magic dart appears from out of thin air!
The magic dart hits you!
* * * LOW HITPOINT WARNING * * *
The orc throws a stone.
The stone completely misses you.
You closely miss the orc warrior.
The orc warrior is heavily wounded.
The orc warrior hits you but does no damage.
Something hits you.
* * * LOW HITPOINT WARNING * * *
You hit something.
Reactivating autopickup.
You feel a bit more experienced.
The orc warrior hits you with a +0 hand axe.
* * * LOW HITPOINT WARNING * * *
You hit the orc warrior but do no damage.
The orc warrior is heavily wounded.
You punch the orc!
You kill the orc!
The orc warrior completely misses you.
You hit the orc warrior but do no damage.
The orc warrior is heavily wounded.
The orc warrior hits you with a +0 hand axe.
You die...

#........#.#
#.'####'.#.###
#.#....#.#...# .
#.#.##.#.#.#.# 8.
#.#.##.#.#...# ..8 #
#.#)...#.#.#.# ..
##.#.'####'.#.#.###.#
#..#........#†#o#...#
#..'########'.#@)...#
##
#.............###...##.
#....#.##...###
#.#..... ###.....÷).##
##.# .### ####.#####
##..##.# #.# ##......#
#.#######.#...######
#....:.............#
#########.#.#.####.#


You could see an orc warrior.

Vanquished Creatures
  Grinder (D:5)
  A black bear (D:3)
  4 scorpions (D:5)
  4 hounds
  An orc priest (D:5)
  An iguana (D:4)
  4 orc wizards
  A gnoll (D:6)
  5 adders
  An ufetubus (D:5)
  A worm (D:3)
  3 dart slugs
  12 orcs
  4 ball pythons
  2 bats (D:3)
  5 endoplasms
  A goblin (D:3)
  4 hobgoblins
  4 jackals (D:3)
  6 quokkas
  3 frilled lizards
  2 kobolds
  2 rats (D:3)
72 creatures vanquished.

Notes
Turn   | Place    | Note
-------+----------+-------------------------------------------
     0 | D:1      | shadowmeld the Djinni Transmuter began the quest for the
                  | Orb.
     0 | D:1      | shadowmeld set off with the following spells memorised:
                  | Beastly Appendage, Wereblood, Spider Form, Ice Form.
     0 | D:1      | Reached XP level 1. HP: 17/17 MP: 0/0
   344 | D:1      | Found a faded altar of an unknown god.
   879 | D:1      | Reached XP level 2. HP: 20/22 MP: 0/0
  1029 | D:2      | Found a snail-covered altar of Cheibriados.
  1270 | D:2      | Found Wuloety's Magic Scroll Shoppe.
  1279 | D:2      | Bought a scroll of poison for 40 gold pieces
  1279 | D:2      | Bought a scroll of identify for 20 gold pieces
  1279 | D:2      | Bought a scroll of identify for 20 gold pieces
  1757 | D:2      | Reached XP level 3. HP: 14/27 MP: 0/0
  1757 | D:2      | Learned a level 1 spell: Necrotise
  2224 | D:3      | Found an ornate altar of the Wu Jian Council.
  2414 | D:3      | Reached XP level 4. HP: 20/32 MP: 0/0
  2544 | D:3      | Found a bloodstained altar of Trog.
  2546 | D:3      | Found a broken altar of Ashenzari.
  2546 | D:3      | Found a shimmering altar of Xom.
  2556 | D:3      | Became a worshipper of Ashenzari the Shackled
  2581 | D:3      | Reached skill level 1 in Armour
  2581 | D:3      | Reached skill level 4 in Unarmed Combat
  2872 | D:3      | Reached XP level 5. HP: 38/38 MP: 0/0
  2872 | D:3      | Learned a level 2 spell: Static Discharge
  3101 | D:3      | Noticed a black bear
  3122 | D:3      | Killed a black bear
  3123 | D:3      | Reached XP level 6. HP: 22/43 MP: 0/0
  3653 | D:4      | You are sucked into a shaft and drop 3 floors!
  3822 | D:6      | HP: 1/43 [gnoll/+0 whip[a gnoll bouda] (4)]
  3845 | D:5      | Entered Level 5 of the Dungeon
  4389 | D:5      | Reached skill level 5 in Unarmed Combat
  4389 | D:5      | Reached XP level 7. HP: 36/49 MP: 0/0
  4389 | D:5      | Learned a level 3 spell: Gell's Gravitas
  5382 | D:5      | Noticed Grinder
  5403 | D:5      | Killed Grinder
  5404 | D:5      | Reached skill level 6 in Unarmed Combat
  5404 | D:5      | Reached XP level 8. HP: 14/56 MP: 0/0
  6364 | D:4      | HP: 2/56 [orc warrior/+0 hand axe (2)]
  6367 | D:4      | Slain by an orc warrior

Illustrated notes

Levels and vault maps discovered:
D:1:      heliophobic_arrival_ceremonial_halls, layout_loops_ring,
          hellmonk_ecumenical_altar_slurped_away
D:2:      layout_loops_ring, basic_altar, serial_shops, shop
D:3:      layout_rooms, chequers_temple_overflow_statue_of_worship,
          lemuel_doored_altar, minmay_box_of_dots
D:4:      layout_loops_ring, temple_fountains, lightli_sewer_entry_pipes,
          amcnicky_mini_rare_corridor_liquid, minivault_11, serial_bayou_pond_c,
          grunt_ministairs_4, guppyfry_early_orc_mine
D:5:      layout_gridville, uniq_grinder
D:6:      layout_loops_corners, serial_shops, nicolae_diamond_shop, minivault_1,
          minmay_fractal_squares_diagonal_5
D:7:      layout_cave_pools

Skill      XL: |  1  2  3  4  5  6  7  8 |
---------------+-------------------------+-----
Armour         | 1 2 3 |  3.2
Unarmed Combat | 4 5 6 |  6.4
Spellcasting   | 2 3 |  3.1
Fighting       | 2 3 |  3.1
Dodging        | 3 4 |  4.2

Action                   |  1- 3 |  4- 6 |  7- 9 || total
-------------------------+-------+-------+-------++-------
Melee: Unarmed           |   108 |   114 |   163 ||   385
       Headbutt          |    18 |    21 |    30 ||    69
       Punch             |     2 |     4 |     9 ||    15
 Cast: Beastly Appendage |    18 |    13 |    15 ||    46
Invok: Curse Item        |       |     1 |       ||     1
Evoke: Wand              |       |     1 |       ||     1
  Use: Scroll            |     4 |     5 |       ||     9
       Potion            |       |     6 |     2 ||     8
Armor: Robe              |     2 |       |       ||     2
       Ring mail         |    26 |    45 |    44 ||   115
       Skin              |       |     5 |       ||     5
Dodge: Dodged            |    73 |    99 |   102 ||   274
